 Dungeon Crawl Stone Soup version 0.31-a0-214-gb37851dbb3 (webtiles) character file.

Game seed: 1769587601311532564

79 qw the Shooter (level 4, 0/26 HPs)
             Began as a Gargoyle Hexslinger on July 1, 2023.
             Slain by a cerulean imp
             ... wielding a +1 spear
             ... summoned by Natasha
              (1 damage)
             ... on level 2 of the Dungeon.
             The game lasted 00:00:32 (1120 turns).

qw the Shooter (Gargoyle Hexslinger)                Turns: 1120, Time: 00:00:33

Health: 0/26       AC:  6    Str: 12    XL:     4   Next: 38%
Magic:  5/5        EV: 11    Int: 13    God:
Gold:   35         SH:  0    Dex: 14    Spells: 4/5 levels left

rFire   . . .        Y - +1 sling
rCold   . . .        (no shield)
rNeg    + . .        f - +0 leather armour
rPois   inf          (no helmet)
rElec   +            (no cloak)
rCorr   .            (no gloves)
SInv    .            (no boots)
Will    .....        (no amulet)
Stlth   +            (no ring)
HPRegen 0.24/turn    (no ring)
MPRegen 0.09/turn

%: no passive effects
@: about to teleport
A: sickness immunity, AC +3, negative energy resistance 1, electricity
resistance, torment resistance 1, petrification resistance
a: no special abilities


You were on level 2 of the Dungeon.
You visited 1 branch of the dungeon, and saw 2 of its levels.

You collected 112 gold pieces.
You spent 77 gold pieces at shops.


Innate Abilities, Weirdness & Mutations

You are immune to sickness and miasma.
Your stone body is resilient. (AC +3)
You are immune to poison.
You resist negative energy. (rN+)
You are resistant to electric shocks. (rElec)
You are resistant to unholy torment.
You are immune to petrification.


   Skills:
 - Level 2.0 Fighting
 + Level 4.2 Ranged Weapons
 - Level 1.5 Dodging
 - Level 1.0 Spellcasting
 - Level 2.6 Hexes


You had 4 spell levels left.
You knew the following spells:

 Your Spells              Type           Power      Damage    Failure   Level
a - Slow                  Hex            28%        N/A       12%         1

Your spell library contained the following spells:

 Spells                   Type           Power      Damage    Failure   Level
 Inner Flame              Hex/Fire       4%         N/A       52%         3
 Portal Projectile        Hex/Tloc       8%         N/A       52%         3
 Cause Fear               Hex            3%         N/A       75%         4

Inventory:

Hand Weapons
 Y - a +1 sling (weapon)
Armour
 f - a +0 leather armour (worn)
Scrolls
 h - 4 scrolls of identify
Potions
 a - a potion of heal wounds {unknown}
 b - a potion of degeneration {unknown}

Dungeon Overview and Level Annotations

Branches:
Dungeon (2/15)

Altars:
Sif Muna

Shops:
D:1 **[

Annotations:
D:2 Natasha


Message History

1113 ||| Stepping ~*~*~tactically~*~*~ (outnumbered).
Natasha casts a spell.
The cerulean imp hits you from afar with a +1 spear.
Enter note:
Enter note: You shoot a sling bullet.
The sling bullet hits Natasha but does no damage.
Natasha is lightly wounded.
Natasha claws you.
The cerulean imp hits you from afar with a +1 spear.
Natasha completely misses you.
The cerulean imp hits you from afar with a +1 spear.
You shoot a sling bullet.
The sling bullet closely misses Natasha.
The sling bullet barely misses the cerulean imp.
The cerulean imp hits you but does no damage.
Natasha claws you but does no damage. The cerulean imp closely misses you.
You shoot a sling bullet.
The sling bullet hits Natasha but does no damage.
Natasha is lightly wounded.
The cerulean imp closely misses you. Natasha claws you.
The cerulean imp hits you but does no damage. x2
You shoot a sling bullet.
The sling bullet completely misses Natasha.
The sling bullet hits the cerulean imp.
The cerulean imp is moderately wounded.
Natasha barely misses you.
The cerulean imp hits you but does no damage.
The cerulean imp hits you from afar with a +2 spear.
You shoot a sling bullet. The sling bullet hits Natasha.
Natasha is heavily wounded.
Natasha claws you but does no damage. The cerulean imp barely misses you.
The cerulean imp closely misses you. The cerulean imp barely misses you.
Natasha claws you.
1120 ||| READING scroll of teleportation.
As you read the scroll of teleportation, it crumbles to dust.
You feel strangely unstable.
The cerulean imp hits you from afar with a +2 spear.
The cerulean imp hits you from afar with a +1 spear.
You die...

...... ####### #.....#
#.##%## ##.##.#### .
#..#..#..##### ...
##.##.##.....#######.....
.#).#..#####)........#
##%##.## ####.@######
.##.##.########..h.....#
....#............55.....
##############)##.$.....
........#...
#<######....# ... #.#.#
..# ... ... #.


You could see Natasha and 2 cerulean imps.

Vanquished Creatures
  Natasha (D:2)
  An adder (D:2)
  4 bats
  5 endoplasms
  2 giant cockroaches
  A goblin (D:1)
  5 hobgoblins
  3 jackals (D:1)
  2 quokkas (D:1)
  5 ball pythons (D:1)
  5 frilled lizards (D:1)
  5 kobolds
  5 rats
44 creatures vanquished.

Notes
Turn   | Place    | Note
-------+----------+-------------------------------------------
     0 | D:1      | qw the Gargoyle Hexslinger began the quest for the Orb.
     0 | D:1      | Reached XP level 1. HP: 12/12 MP: 2/2
     0 | D:1      | 0 ||| qw: Version: 0.3-a-32-g5962c71
     0 | D:1      | 0 ||| qw: Game counter: 7605
     0 | D:1      | 0 ||| qw: Melee chars always use a shield: true
     0 | D:1      | 0 ||| qw: God list: Okawaru
     0 | D:1      | 0 ||| qw: Allow faded altars: false
     0 | D:1      | 0 ||| qw: Do Orc after clearing Dungeon:15 true
     0 | D:1      | 0 ||| qw: Do second Lair branch before Depths: true
     0 | D:1      | 0 ||| qw: Lair rune preference: random
     0 | D:1      | 0 ||| qw: Goals: Normal
     0 | D:1      | 0 ||| PLANNING D:1-11
     6 | D:1      | Found Kialih's Armour Shop.
    23 | D:1      | 23 ||| SHOPLISTING +0 leather armour (26 gold, have 17).
    23 | D:1      | 23 ||| SHOPLISTING +0 ring mail (52 gold, have 17).
    23 | D:1      | 23 ||| SHOPLISTING +1 pair of boots (149 gold, have 17).
    23 | D:1      | 23 ||| SHOPLISTING +2 leather armour of cold resistance
                  | (247 gold, have 17).
   218 | D:1      | Reached XP level 2. HP: 16/16 MP: 3/3
   359 | D:1      | Found Duonoom's General Store.
   368 | D:1      | 368 ||| BUYING scroll of identify (28 gold).
   368 | D:1      | Bought a scroll of identify for 28 gold pieces
   368 | D:1      | 368 ||| BUYING scroll of identify (28 gold).
   368 | D:1      | Bought a scroll of identify for 28 gold pieces
   398 | D:1      | Reached skill level 3 in Ranged Weapons
   534 | D:1      | Reached XP level 3. HP: 11/21 MP: 4/4
   545 | D:1      | 545 ||| FLEEEEING.
   604 | D:1      | Found Zeaj Dat's Assorted Antiques.
   609 | D:1      | 609 ||| SHOPLISTING 2 scrolls of identify (84 gold, have
                  | 31).
   609 | D:1      | 609 ||| SHOPLISTING runed leather armour (105 gold, have
                  | 31).
   609 | D:1      | 609 ||| BUYING scroll labelled ATAEGO GOARU (21 gold).
   609 | D:1      | Bought a scroll labelled ATAEGO GOARU for 21 gold pieces
   609 | D:1      | 609 ||| SHOPLISTING scroll labelled XAUPARPHAEN (21 gold,
                  | have 10).
   609 | D:1      | 609 ||| SHOPLISTING twisted glass wand (84 gold, have 10).
   760 | D:1      | 760 ||| UPGRADING to +0 leather armour.
   770 | D:1      | 770 ||| DROPPING +0 robe.
   771 | D:1      | 771 ||| READING scroll labelled PUKAVVI MARED.
   772 | D:1      | 772 ||| READING scroll labelled ZUR PEKHEJOKK.
   773 | D:1      | 773 ||| READING scroll labelled RULURI SIXKI.
   789 | D:1      | 789 ||| READING 2 scrolls labelled ATAEGO GOARU.
   793 | D:1      | 793 ||| DRINKING 2 inky potions.
   898 | D:1      | 898 ||| DROPPING scroll of poison.
   899 | D:1      | 899 ||| DROPPING potion of berserk rage.
   954 | D:2      | Found a shimmering blue altar of Sif Muna.
   972 | D:2      | Noticed Natasha
   977 | D:2      | Killed Natasha
   978 | D:2      | Reached XP level 4. HP: 26/26 MP: 5/5
  1007 | D:2      | Reached skill level 4 in Ranged Weapons
  1109 | D:2      | Noticed Natasha
  1111 | D:2      | 1111 ||| Stepping ~*~*~tactically~*~*~ (outnumbered).
  1112 | D:2      | 1112 ||| Stepping ~*~*~tactically~*~*~ (outnumbered).
  1113 | D:2      | 1113 ||| Stepping ~*~*~tactically~*~*~ (outnumbered).
  1119 | D:2      | HP: 5/26 [Natasha (5)]
  1120 | D:2      | 1120 ||| READING scroll of teleportation.
  1120 | D:2      | HP: 1/26 [cerulean imp/+2 spear[Natasha] (4)]
  1120 | D:2      | Slain by a cerulean imp

Levels and vault maps discovered:
D:1:      mushboom_english_gardens, layout_loops_ring, serial_shops,
          nicolae_shop_trees, nicolae_shop_tiny_glass,
          nicolae_shop_hallway_plus, minmay_cupped
D:2:      minmay_angry_zag, layout_rooms, basic_altar, minmay_misc_feat_iff,
          uniq_crazy_yiuf_cottage, uniq_natasha

Skill      XL: |  1  2  3  4 |
---------------+-------------+-----
Ranged Weapons | 3 4 |  4.2
Fighting       | 2 |  2.0
Dodging        | |  1.5
Spellcasting   | |  1.0
Hexes          | |  2.6

Action                     |  1- 3 |  4- 6 || total
---------------------------+-------+-------++-------
   Fire: Sling             |    97 |    36 ||   133
    Use: Scroll            |     4 |     1 ||     5
         Potion            |     1 |       ||     1
 Armour: Robe              |    17 |       ||    17
         Leather armour    |     5 |    14 ||    19
  Dodge: Dodged            |    50 |    20 ||    70

Table legend:
 A = Non-vault XP
 B = Vault XP
 C = Vault XP percentage of total XP
 D = Non-vault monster count
 E = Vault monster count
 F = Vault count percentage of total count
                 A         B        C        D         E       F
            +---------+---------+-------+---------+---------+-------
      Total |      53 |      61 |  53.5 |      33 |      11 |  25.0
            +---------+---------+-------+---------+---------+-------
        D:1 |      39 |       4 |   9.3 |      25 |       3 |  10.7
        D:2 |      14 |      57 |  80.3 |       8 |       8 |  50.0
            +---------+---------+-------+---------+---------+-------
